[Event "ICC tourney 2568 (40 10)"]
[Site "Internet Chess Club"]
[Date "2021.05.16"]
[Round "5"]
[White "BRUDNO, STEPHEN:StevChess01"]
[Black "AYYAPPAN, SANTHOSH:SanthoshA"]
[Result "0-1"]
[ICCResult "White resigns"]
[WhiteElo "1606"]
[BlackElo "1652"]
[Opening "QGD: exchange, positional line"]
[ECO "D35"]
[NIC "QO.16"]
[Time "20:04:07"]
[TimeControl "2400+10"]

1. d4 d5 2. c4 e6 3. Nc3 Nf6 4. cxd5 exd5 5. Bg5 Be7 6. e3 O-O 7. Qc2 c6 8.
Bd3 h6 9. Bh4 Be6 10. Nf3 Nbd7 11. O-O Nh5 12. Bxe7 Qxe7 13. Rac1 Nhf6 14.
Na4 Ne8 15. Nc5 Nxc5 16. Qxc5 Qxc5 17. Rxc5 Nd6 18. Rfc1 f6 19. Nd2 Rfe8 20.
b4 a6 21. a4 Bd7 22. Rb1 b5 23. axb5 axb5 24. Rc3 Nc4 25. Bxc4 bxc4 26. Re1
Reb8 27. e4 Rxb4 28. f3 Kf7 29. Kf2 Ra2 30. Ke3 Rbb2 31. Re2 Rc2 32. Rxc2
Rxc2 33. Nb1 Rc1 34. Nd2 Rc3+ 35. Kf2 Rd3 36. Ke1 Rxd4 37. Re3 dxe4 38. fxe4
Be6 39. Nb1 Ke7 40. h3 Kd6 41. Nc3 Kc5 42. Ke2 g6 43. Rg3 Bf7 44. Rf3 Rd6
45. e5 Re6 46. Rxf6 Rxe5+ 47. Kd2 Rf5 48. Rxf5+ gxf5 49. Ne2 Bd5 50. g3 Bf3
51. Nf4 Kd4 52. Ne6+ Ke5 53. Nf4 Kf6 54. Kc3 Bd5 55. Kd4 Kg5 56. Ne2 h5 57.
Ke5 Be4 58. Kd4 Bd3 59. Nf4 h4 60. Ke3 hxg3 61. Ng2 Be4 62. Nf4 g2 63. Ne2
Kh4 64. Kf2 Kxh3 65. Kg1 Bf3 66. Nd4 Kg4 67. Kf2 Be4 68. Ne2 Kg5 69. Nc3 Kf4
70. Ne2+ Ke5 71. Ke3 f4+ 72. Kf2 f3 73. Nc3 Kd4 74. Nd1 c3 {White resigns}
0-1

[Event "ICC tourney 2568 (40 10)"]
[Site "Internet Chess Club"]
[Date "2021.05.16"]
[Round "5"]
[White "KASHYAP, MANISH B:mnm2"]
[Black "Gong, Andrew:TheDude865"]
[Result "1-0"]
[ICCResult "Black resigns"]
[WhiteElo "1561"]
[BlackElo "1543"]
[Opening "Scotch: Mieses variation"]
[ECO "C45"]
[NIC "SO.04"]
[Time "20:04:11"]
[TimeControl "2400+10"]

1. e4 e5 2. Nf3 Nc6 3. d4 exd4 4. Nxd4 Nf6 5. Nxc6 bxc6 6. e5 Qe7 7. Qe2 Nd5
8. c4 Nb6 9. b3 Qe6 10. Bb2 Bc5 11. Nc3 Bd4 12. f4 d6 13. exd6 Qxe2+ 14.
Bxe2 cxd6 15. Rd1 c5 16. Bf3 Rb8 17. Rd2 Nxc4 18. Re2+ Kd8 19. Ba1 Nb6 20.
Kd2 Ba6 21. Ree1 Bb7 22. Rhf1 Re8 23. Rxe8+ Kxe8 24. Bxb7 Rxb7 25. Nb5 Kd7
26. Nxd4 cxd4 27. Bxd4 f6 28. Kd3 d5 29. Rc1 a5 30. Rc5 Kd6 31. Rxa5 Nd7 32.
Ra6+ Kc7 33. Ra7 Rxa7 34. Bxa7 Kc6 35. a4 Nc5+ 36. Bxc5 Kxc5 37. g4 g6 38.
h4 f5 39. g5 d4 40. a5 Kb5 41. Kxd4 Kxa5 42. Kc5 Ka6 43. b4 Kb7 44. Kb5 Ka7
45. Kc6 Kb8 46. Kb6 Kc8 47. Ka7 Kc7 48. b5 {Black resigns} 1-0